 Dungeon Crawl Stone Soup version 0.30.0-17-ge0270778cf (webtiles) character file.

Game seed: 10585663090726954500

28465 seandewar5 the Cruncher (level 13, -19/99 HPs)
             Began as a Gnoll Wanderer on May 21, 2023.
             Was a Priest of Wu Jian.
             Demolished by an ettin
             ... wielding a +0 dire flail
              (27 damage)
             ... on level 14 of the Dungeon.
             The game lasted 01:08:00 (16499 turns).

seandewar5 the Cruncher (Gnoll Wanderer)           Turns: 16499, Time: 01:08:00

Health: -19/99     AC: 24    Str: 19    XL:     13   Next: 39%
Magic:  25/25      EV:  9    Int:  8    God:    Wu Jian [***...]
Gold:   859        SH:  0    Dex: 13    Spells: 29/29 levels left

rFire   . . .        a - +5 quarterstaff
rCold   + . .        (shield currently unavailable)
rNeg    . . .        P - +0 plate armour
rPois   .            p - +1 helmet
rElec   .            Q - +0 cloak
rCorr   .            f - +2 pair of gloves
SInv    .            D - +2 pair of boots
Will    .....        R - amulet of regeneration Stlth
                     v - ring of protection from cold
HPRegen 1.16/turn    y - +4 ring of slaying
MPRegen 0.19/turn

%: no passive effects
@: exhausted
A: fangs 1, strong nose, distributed training
a: Renounce Religion, Wall Jump, Serpent's Lash


You were on level 14 of the Dungeon.
You worshipped Wu Jian.
Wu Jian was most pleased with you.
You visited 2 branches of the dungeon, and saw 15 of its levels.

You collected 1319 gold pieces.
You spent 460 gold pieces at shops.

Inventory:

Hand Weapons
 a - a +5 quarterstaff (weapon)
Missiles
 b - a javelin
 j - 45 poisoned darts
 l - 3 atropa-tipped darts
 t - 3 silver javelins (quivered)
Armour
 f - a +2 pair of gloves (worn)
 p - a +1 helmet (worn)
 D - a +2 pair of boots (worn)
 P - a +0 plate armour (worn)
 Q - a +0 cloak (worn)
Jewellery
 i - a ring of protection from fire
 q - a ring of protection from cold
 v - a ring of protection from cold (left hand)
 y - a +4 ring of slaying (right hand)
 M - a ring of willpower
 R - an amulet of regeneration (around neck)
 U - a +4 ring of slaying
Wands
 c - a wand of polymorph (2)
 C - a wand of iceblast (11)
 F - a wand of digging (8)
 I - a wand of flame (34)
Scrolls
 d - 2 scrolls of blinking
 e - 4 scrolls of fear
 h - 3 scrolls of poison
 k - a scroll of vulnerability
 n - a scroll of butterflies
 o - a scroll of fog
 s - 9 scrolls of teleportation
 A - 2 scrolls of immolation
 B - 2 scrolls of magic mapping
 H - a scroll of amnesia {unknown}
 T - a scroll of silence {unknown}
Potions
 g - 2 potions of ambrosia
 m - 3 potions of flight
 r - 3 potions of resistance
 u - 3 potions of lignification
 w - 2 potions of cancellation
 x - 8 potions of curing
 z - 4 potions of heal wounds
 G - a potion of mutation
 J - 3 potions of might
 K - 2 potions of brilliance
 L - 2 potions of haste
 N - a potion of magic {unknown}
 O - a potion of berserk rage
 S - a potion of invisibility


   Skills:
 + Level 8.5 Fighting
 + Level 8.5 Short Blades
 + Level 8.5 Long Blades
 + Level 8.5 Axes
 + Level 8.5 Maces & Flails
 + Level 8.5 Polearms
 + Level 13.3 Staves
 + Level 10.8 Ranged Weapons
 + Level 8.5 Throwing
 + Level 8.5 Armour
 + Level 8.5 Dodging
 + Level 8.9 Stealth
 + Level 8.5 Shields
 + Level 8.5 Unarmed Combat
 + Level 8.5 Spellcasting
 + Level 7.1 Conjurations
 + Level 7.1 Hexes
 + Level 7.1 Summonings
 + Level 7.1 Necromancy
 + Level 7.1 Translocations
 + Level 7.1 Transmutations
 + Level 7.1 Fire Magic
 + Level 7.1 Ice Magic
 + Level 7.1 Air Magic
 + Level 7.1 Earth Magic
 + Level 7.1 Poison Magic
 + Level 9.3 Invocations
 + Level 9.0 Evocations


You had 29 spell levels left.
You didn't know any spells.
Your spell library contained the following spells:

 Spells                   Type           Power      Damage    Failure   Level
 Beastly Appendage        Tmut           28%        N/A       22%         1
 Shock                    Conj/Air       56%        1d6       22%         1
 Slow                     Hex            56%        N/A       22%         1
 Summon Small Mammal      Summ           56%        N/A       22%         1
 Blink                    Tloc           28%        N/A       32%         2
 Poisonous Vapours        Pois/Air       28%        N/A       32%         2
 Sublimation of Blood     Necr           14%        N/A       32%         2
 Wereblood                Tmut           14%        N/A       32%         2
 Call Canine Familiar     Summ           14%        N/A       54%         3
 Confusing Touch          Hex            14%        N/A       54%         3
 Dazzling Flash           Conj/Hex       28%        N/A       54%         3
 Mephitic Cloud           Conj/Pois/Air  14%        N/A       54%         3
 Portal Projectile        Hex/Tloc       28%        N/A       54%         3
 Spider Form              Tmut/Pois      14%        N/A       54%         3
 Summon Guardian Golem    Hex/Summ       14%        N/A       54%         3
 Swiftness                Air            14%        N/A       54%         3
 Vampiric Draining        Necr           14%        2d7       54%         3
 Volatile Blastmotes      Fire/Tloc      28%        2d12      54%         3
 Airstrike                Air            7%         2d(1-17)  91%         4
 Iskenderun's Mystic Bla  Conj/Tloc      14%        2d5       91%         4
 Leda's Liquefaction      Hex/Erth       7%         N/A       91%         4
 Agony                    Necr           14%        N/A       99%         5
 Freezing Cloud           Conj/Ice/Air   7%         6-21      99%         5
 Silence                  Hex/Air        7%         N/A       99%         5
 Dispersal                Tloc           7%         N/A       100%        6
 Starburst                Conj/Fire      7%         6d4       100%        6
 Summon Hydra             Summ           7%         N/A       100%        7
 Fire Storm               Conj/Fire      7%         8d2       100%        9


Dungeon Overview and Level Annotations

Branches:
Dungeon (14/15)            Temple (1/1) D:6            Lair (0/5) D:11
    Orc (0/2) D:10
 Vaults: D:13-14

Altars:
Ashenzari
Cheibriados
Dithmenos
Elyvilon
Fedhas
Gozag
Hepliaklqana
Kikubaaqudgha
Makhleb
Nemelex Xobeh
Okawaru
Qazlal
Ru
Sif Muna
Trog
Uskayaw
Vehumet
Wu Jian
Xom
Yredelemnul
Zin
The Shining One
Jiyva

Shops:
D:1 !   D:3 [   D:9 *   D:12 (   D:13 !

Annotations:
D:2 exclusion: upstairs
D:3 Grinder
D:4 exclusion: downstairs
D:7 2 transporters, P0WERM0DE's ghost, amateur MeMo
D:9 2 transporters
D:10 exclusion: 2 downstairs


Innate Abilities, Weirdness & Mutations

You have very sharp teeth.
Your uncanny sense of smell can sniff out nearby items.
Your experience applies equally to all skills.


Message History

The ice dragon is almost dead.
The ice dragon breathes frost at you. The blast of cold hits you!! You resist.
There is nothing to wall jump against here.
You barely miss the ice dragon.
The ice dragon is almost dead.
The ice dragon bites you but does no damage.
The ice dragon claws you but does no damage.
The ice dragon tramples you but does no damage.
The ettin barely misses you. The ettin hits you but does no damage.
You hit the ice dragon but do no damage.
Your bite misses the ice dragon.
The ice dragon is almost dead.
You thump the ice dragon!
The ice dragon is almost dead.
The ice dragon bites you but does no damage.
The ice dragon claws you but does no damage.
The ice dragon tramples you!
* * * LOW HITPOINT WARNING * * *
You stumble backwards!
You sock the ice dragon!
You kill the ice dragon!
The Council accepts your kill.
The ettin hits you with a +0 dire flail!
* * * LOW HITPOINT WARNING * * *
The ettin hits you but does no damage.
Okay, then.
Unknown command.
Okay, then.
The ettin attacks as you move away!
The ettin hits you with a +0 dire flail!!
* * * LOW HITPOINT WARNING * * *
The ettin hits you with a +0 dire flail.
* * * LOW HITPOINT WARNING * * *
Okay, then.
The ettin attacks as you move away!
The ettin hits you with a +0 dire flail!!
* * * LOW HITPOINT WARNING * * *
The ettin hits you with a +0 dire flail!!
You die...

#.##. ..#......#
#.##.##########.######.###
#.##......D.....#........#
#.##..######........##.#.#
######.##..#
#........##.#.#
.......##..#
#........##.#.#
#########..#
##...#.####.#.#
#..#######...#.# #.#..
#......C@...##.# #.###
.......########.##.# #.#
##################.##.#
........[..C.D.....##.. ∆
###.....############.. ∆
###....).###### . ∆ ...
........D#.>..#.#
###......#....#.# ∆
#...).C#........#


You could see an ettin.

Vanquished Creatures
  Nessos (D:13)
  A fire dragon (D:10)
  An ice dragon (D:14)
  A centaur warrior (D:14)
  3 boulder beetles
  2 two-headed ogres
  Sonja (D:10)
  Lodul (D:10)
  A wizard (D:14)
  3 deep elf pyromancers
  2 ugly things
  3 manticores
  4 cyclopes
  A salamander (shapeshifter) (D:14)
  Maurice (D:8)
  Joseph (D:7)
  3 gargoyles
  3 unseen horrors
  Maggie (D:6)
  5 kobold demonologists
  A meliai (shapeshifter) (D:14)
  7 trolls
  2 shadows
  3 wraiths
  Sigmund (D:7)
  14 yaks
  2 basilisks
  4 wyverns
  4 steam dragons
  A two-headed ogre zombie (D:10)
  Edmund (D:7)
  3 acid dragons
  4 water moccasins (D:6)
  2 black bears
  An ice beast (D:6)
  9 ogres
  2 sky beasts
  An orc warrior (D:9)
  4 boggarts (D:14)
  11 centaurs
  4 phantoms
  4 kobold brigands
  A bullfrog (D:6)
  2 gnoll sergeants
  4 scorpions
  13 wights
  8 killer bees
  4 howler monkeys
  An electric eel (D:13)
  5 hounds
  2 jellies
  2 gnoll boudas
  9 orc priests
  Ijyb (D:4)
  Jessica (D:2)
  Terence (D:3)
  9 iguanas
  8 orc wizards
  7 ogre zombies (D:10)
  11 gnolls
  9 adders
  A white imp (D:7)
  2 worms
  2 dart slugs
  24 orcs
  4 endoplasms
  3 giant cockroaches
  14 goblins
  14 hobgoblins
  8 jackals
  2 quokkas
  6 ball pythons
  7 bats
  3 frilled lizards
  2 goblin zombies (D:10)
  3 hobgoblin skeletons (D:10)
  16 kobolds
  3 orc skeletons (D:10)
  17 orc zombies (D:10)
  4 rats
357 creatures vanquished.

Vanquished Creatures (others)
  An orc wizard (D:14)
  An adder (D:6)
2 creatures vanquished.

Grand Total: 359 creatures vanquished

Notes
Turn   | Place    | Note
-------+----------+-------------------------------------------
     0 | D:1      | Reached skill level 10 in Staves
     0 | D:1      | seandewar5 the Gnoll Wanderer began the quest for the Orb.
     0 | D:1      | seandewar5 set off with the following items: a +2
                  | quarterstaff, a +0 sling, a wand of polymorph (3), a scroll
                  | of blinking, a +0 leather armour.
     0 | D:1      | Reached XP level 1. HP: 13/13 MP: 1/1
    74 | D:1      | Reached XP level 2. HP: 19/19 MP: 2/2
   155 | D:1      | Reached XP level 3. HP: 25/25 MP: 3/3
   243 | D:1      | a bat changed into an acid dragon
   243 | D:1      | Noticed an acid dragon
   255 | D:2      | Reached skill level 1 in Invocations
   415 | D:2      | Noticed Jessica
   423 | D:2      | Killed Jessica
   424 | D:2      | Reached skill level 1 in Fighting
   424 | D:2      | Reached skill level 1 in Short Blades
   424 | D:2      | Reached skill level 1 in Long Blades
   424 | D:2      | Reached skill level 1 in Axes
   424 | D:2      | Reached skill level 1 in Maces & Flails
   424 | D:2      | Reached skill level 1 in Polearms
   424 | D:2      | Reached skill level 1 in Throwing
   424 | D:2      | Reached skill level 1 in Armour
   424 | D:2      | Reached skill level 1 in Dodging
   424 | D:2      | Reached skill level 1 in Shields
   424 | D:2      | Reached skill level 1 in Unarmed Combat
   424 | D:2      | Reached skill level 1 in Spellcasting
   424 | D:2      | Reached XP level 4. HP: 28/32 MP: 5/5
  1212 | D:2      | Reached skill level 1 in Conjurations
  1212 | D:2      | Reached skill level 1 in Hexes
  1212 | D:2      | Reached skill level 1 in Summonings
  1212 | D:2      | Reached skill level 1 in Necromancy
  1212 | D:2      | Reached skill level 1 in Translocations
  1212 | D:2      | Reached skill level 1 in Transmutations
  1212 | D:2      | Reached skill level 1 in Fire Magic
  1212 | D:2      | Reached skill level 1 in Ice Magic
  1212 | D:2      | Reached skill level 1 in Air Magic
  1212 | D:2      | Reached skill level 1 in Earth Magic
  1212 | D:2      | Reached skill level 1 in Poison Magic
  1526 | D:3      | Noticed Terence
  1742 | D:3      | Noticed Grinder
  1746 | D:3      | Found Xaquixu's Antique Armour Boutique.
  1814 | D:4      | Reached XP level 5. HP: 34/37 MP: 7/7
  2263 | D:3      | Bought a runed scarf for 128 gold pieces
  2677 | D:4      | Noticed Ijyb
  2689 | D:4      | Killed Ijyb
  2690 | D:4      | Reached XP level 6. HP: 31/44 MP: 8/8
  2847 | D:3      | Bought a pair of boots for 72 gold pieces
  3271 | D:5      | Entered Level 5 of the Dungeon
  3486 | D:5      | Reached XP level 7. HP: 49/51 MP: 10/10
  3542 | D:5      | Found a radiant altar of Vehumet.
  3997 | D:5      | Found an ancient bone altar of Kikubaaqudgha.
  4125 | D:5      | Reached XP level 8. HP: 52/58 MP: 12/12
  4411 | D:6      | Found a staircase to the Ecumenical Temple.
  4489 | D:6      | Reached skill level 11 in Staves
  4549 | D:6      | Noticed Maggie
  4643 | D:6      | Noticed a troll
  4654 | D:6      | Killed a troll
  4715 | D:6      | Found a hide-covered altar of Uskayaw.
  4734 | D:6      | Noticed a wraith
  4788 | D:7      | Noticed a yak
  4788 | D:7      | Noticed a yak
  4788 | D:7      | Noticed a yak
  4788 | D:7      | Noticed a yak
  4789 | D:7      | Noticed a yak
  4790 | D:7      | Noticed a yak
  4860 | D:6      | Killed Maggie
  4861 | D:6      | Reached XP level 9. HP: 65/65 MP: 13/15
  4974 | D:6      | Reached skill level 5 in Evocations
  5272 | D:5      | Killed an unseen horror
  5273 | D:5      | Reached skill level 5 in Stealth
  5495 | D:6      | Reached skill level 5 in Invocations
  5958 | Temple   | Entered the Ecumenical Temple
  6317 | D:6      | Reached skill level 5 in Fighting
  6317 | D:6      | Reached skill level 5 in Short Blades
  6317 | D:6      | Reached skill level 5 in Long Blades
  6317 | D:6      | Reached skill level 5 in Axes
  6317 | D:6      | Reached skill level 5 in Maces & Flails
  6317 | D:6      | Reached skill level 5 in Polearms
  6317 | D:6      | Reached skill level 5 in Throwing
  6317 | D:6      | Reached skill level 5 in Armour
  6317 | D:6      | Reached skill level 5 in Dodging
  6317 | D:6      | Reached skill level 5 in Shields
  6317 | D:6      | Reached skill level 5 in Unarmed Combat
  6317 | D:6      | Reached skill level 5 in Spellcasting
  6317 | D:6      | Reached XP level 10. HP: 69/74 MP: 17/17
  6503 | D:7      | Found a transporter.
  6553 | D:7      | Found a transporter.
  6553 | D:7      | Noticed P0WERM0DE's ghost (amateur MeMo)
  6558 | D:7      | Noticed Joseph
  6585 | D:7      | Killed Joseph
  7026 | D:7      | Noticed a cyclops
  7031 | D:7      | Killed a cyclops
  7383 | D:7      | Noticed Edmund
  7389 | D:7      | Noticed Sigmund
  7390 | D:7      | Killed Edmund
  7394 | D:7      | Killed Sigmund
  7609 | D:7      | Found an ornate altar of the Wu Jian Council.
  7616 | D:7      | Became a worshipper of the Wu Jian Council
  7946 | D:8      | Noticed Maurice
  8110 | D:8      | Killed Maurice
  8111 | D:8      | Reached skill level 12 in Staves
  8111 | D:8      | Reached skill level 5 in Conjurations
  8111 | D:8      | Reached skill level 5 in Hexes
  8111 | D:8      | Reached skill level 5 in Summonings
  8111 | D:8      | Reached skill level 5 in Necromancy
  8111 | D:8      | Reached skill level 5 in Translocations
  8111 | D:8      | Reached skill level 5 in Transmutations
  8111 | D:8      | Reached skill level 5 in Fire Magic
  8111 | D:8      | Reached skill level 5 in Ice Magic
  8111 | D:8      | Reached skill level 5 in Air Magic
  8111 | D:8      | Reached skill level 5 in Earth Magic
  8111 | D:8      | Reached skill level 5 in Poison Magic
  8111 | D:8      | Reached XP level 11. HP: 60/81 MP: 18/20
  8570 | D:8      | Found a basalt altar of Yredelemnul.
  8906 | D:9      | Found a sacrificial altar of Ru.
  9136 | D:8      | Reached * piety under Wu Jian
  9365 | D:9      | Found a viscous altar of Jiyva.
  9390 | D:9      | Noticed a brown ugly thing
  9396 | D:9      | Killed a brown ugly thing
  9454 | D:9      | Found Bovouts's General Store.
  9466 | D:9      | Bought a scroll of enchant weapon for 90 gold pieces
  9466 | D:9      | Bought a wand of light (1) for 50 gold pieces
  9498 | D:9      | Found a transporter.
  9500 | D:9      | Found a transporter.
  9504 | D:9      | Noticed a great orb of eyes
  9908 | D:9      | Noticed Erolcha
 10038 | D:9      | Erolcha changed into Erolcha the basilisk
 10038 | D:9      | Noticed Erolcha
 10054 | D:9      | Killed Erolcha the basilisk
 10223 | D:10     | Entered Level 10 of the Dungeon
 10373 | D:10     | Noticed Lodul
 10374 | D:10     | wtf?
 10486 | D:10     | Noticed a boulder beetle
 10631 | D:9      | Killed a boulder beetle
 10733 | D:10     | Found a shimmering altar of Xom.
 11086 | D:10     | Found a snail-covered altar of Cheibriados.
 11251 | D:10     | Reached ** piety under Wu Jian
 11403 | D:10     | Noticed a sixfirhy
 11536 | D:10     | Found a staircase to the Orcish Mines.
 11604 | D:10     | Noticed a soul eater
 11793 | D:10     | Reached *** piety under Wu Jian
 11818 | D:10     | Killed Lodul
 11818 | D:10     | Reached XP level 12. HP: 89/91 MP: 22/22
 11823 | D:10     | Noticed Sonja
 11828 | D:10     | Killed Sonja
 12144 | D:11     | Noticed a boulder beetle
 12144 | D:11     | Noticed a fire dragon
 12145 | D:11     | wtf
 12541 | D:1      | Found Jamietey's Distillery.
 12543 | D:1      | Bought a potion of berserk rage for 60 gold pieces
 12856 | D:3      | Killed Terence
 13045 | D:10     | Killed a fire dragon
 13496 | D:11     | Killed a boulder beetle
 13497 | D:11     | Reached skill level 10 in Ranged Weapons
 13503 | D:11     | Found an iron altar of Okawaru.
 14161 | D:11     | Found a staircase to the Lair.
 14953 | D:12     | Found Listuap's Antique Weapon Shoppe.
 15116 | D:12     | Noticed a boulder beetle
 15125 | D:12     | Killed a boulder beetle
 15126 | D:12     | Reached skill level 13 in Staves
 15286 | D:13     | Noticed Nessos
 15293 | D:13     | Killed Nessos
 15465 | D:13     | Reached XP level 13. HP: 67/98 MP: 25/25
 15990 | D:13     | Found Meiffapp's Distillery.
 15993 | D:13     | Bought a potion of might for 60 gold pieces
 16416 | D:14     | Noticed an ice dragon
 16416 | D:14     | Noticed an ettin
 16491 | D:14     | Killed an ice dragon
 16499 | D:14     | Demolished by an ettin

Illustrated notes

# #######
..#.....##
.........##
.../......#
..K....@..#
..K.....[.#
.....KO...#
....KO..O...
......OO..##.
..K...OK.## #
. ..#O....##
..###
#.#######
#.... ..#..


Turn 10374 on D:10: wtf? ##########+### K$K.K........# .......@.....#
..K..........+ .y.y<........# ......Y......# yK.KK.YD.....# .............#
.....Y...(...# ....Y...B$...# Turn 12145 on D:11: wtf

Levels and vault maps discovered:
D:1:      minmay_arrival_solitary_statue, layout_loops_ring, serial_shops, shop
D:2:      minmay_door_path, layout_loops_corners, minmay_goblin_outpost,
          uniq_jessica
D:3:      layout_basic, serial_shops, nicolae_shop_peninsula, uniq_terence,
          uniq_grinder
D:4:      layout_basic, uniq_ijyb
D:5:      layout_cave_pools, mainiacjoe_overflow_boulevard,
          general_overflow_altar, serial_glass, glass_columns_c,
          glass_columns_b, amcnicky_mini_corridor_feature
D:6:      layout_basic, mainiacjoe_overflow_alcove_2, minmay_temple_entry_mist,
          grunt_ministairs_3, minmay_divided_ellipse, uniq_maggie
D:7:      layout_basic, pdpol_wu_jian_five_deadly_venoms,
          gammafunk_ghost_stat_death, sigmund_edmund_badplayer, uniq_joseph
D:8:      layout_loops_ring, mainiacjoe_overflow_tiny_flanked,
          chequers_arboretum, uniq_maurice
D:9:      gammafunk_jiyva_shrine, layout_rooms, nicolae_ru_awakened_eye,
          serial_shops, shop, st_stairs_14, uniq_erolcha
D:10:     layout_rooms, mainiacjoe_overflow_six_doors_small,
          lemuel_crystal_altar, zombieorc2_lemuel, nzn_sisyphean_effort,
          uniq_lodul, uniq_sonja
D:11:     layout_roguey, erik_lair_dragon, okawaru_gym_becter
D:12:     layout_cave_pools, serial_shops, nicolae_shop_scrapyard
D:13:     layout_rooms, serial_shops, nicolae_shop_tiny_real_fake_doors,
          serial_bayou_ford_a, nicolae_titane, uniq_nessos
D:14:     layout_basic, david_vaults_4, chequers_decorated_corner,
          minmay_guarded_unrand_staff_of_olgreb
Temple:   minmay_temple_curvy_branch

Skill      XL: |  1  2  3  4  5  6  7  8  9 10 11 12 13 |
---------------+----------------------------------------+-----
Staves         | 11 12 13 | 13.3
Invocations    | 1 2 3 4 5 6 7 8 9 |  9.3
Fighting       | 1 2 3 4 5 6 7 8 |  8.5
Short Blades   | 1 2 3 4 5 6 7 8 |  8.5
Long Blades    | 1 2 3 4 5 6 7 8 |  8.5
Axes           | 1 2 3 4 5 6 7 8 |  8.5
Maces & Flails | 1 2 3 4 5 6 7 8 |  8.5
Polearms       | 1 2 3 4 5 6 7 8 |  8.5
Throwing       | 1 2 3 4 5 6 7 8 |  8.5
Armour         | 1 2 3 4 5 6 7 8 |  8.5
Dodging        | 1 2 3 4 5 6 7 8 |  8.5
Shields        | 1 2 3 4 5 6 7 8 |  8.5
Unarmed Combat | 1 2 3 4 5 6 7 8 |  8.5
Spellcasting   | 1 2 3 4 5 6 7 8 |  8.5
Conjurations   | 1 2 3 4 5 6 7 |  7.1
Hexes          | 1 2 3 4 5 6 7 |  7.1
Summonings     | 1 2 3 4 5 6 7 |  7.1
Necromancy     | 1 2 3 4 5 6 7 |  7.1
Translocations | 1 2 3 4 5 6 7 |  7.1
Transmutations | 1 2 3 4 5 6 7 |  7.1
Fire Magic     | 1 2 3 4 5 6 7 |  7.1
Ice Magic      | 1 2 3 4 5 6 7 |  7.1
Air Magic      | 1 2 3 4 5 6 7 |  7.1
Earth Magic    | 1 2 3 4 5 6 7 |  7.1
Poison Magic   | 1 2 3 4 5 6 7 |  7.1
Evocations     | 3 4 5 6 7 8 9 |  9.0
Stealth        | 3 4 5 6 7 8 |  8.9
Ranged Weapons | 7 8 9 10 | 10.8

Action                     |  1- 3 |  4- 6 |  7- 9 | 10-12 | 13-15 || total
---------------------------+-------+-------+-------+-------+-------++-------
  Melee: Quarterstaff      |    55 |   128 |   251 |   723 |    91 ||  1248
         Bite              |       |     5 |    32 |   109 |     9 ||   155
         Unarmed           |       |       |       |     5 |       ||     5
  Throw: Dart              |     1 |     2 |     6 |    73 |     9 ||    91
         Javelin           |       |     3 |    29 |    21 |    11 ||    64
         Throwing net      |       |       |     1 |     2 |       ||     3
         Boomerang         |       |       |       |    23 |     1 ||    24
 Invoke: Serpent's Lash    |       |       |       |     4 |     5 ||     9
Ability: Lunge             |       |       |       |    64 |    13 ||    77
         Wall Jump         |       |       |       |     6 |     2 ||     8
         Whirlwind         |       |       |       |     3 |     6 ||     9
  Evoke: Wand              |     1 |       |     2 |    52 |       ||    55
    Use: Scroll            |       |     7 |     6 |    17 |     1 ||    31
   Stab: Sleeping          |     1 |     3 |       |       |       ||     4
         Paralysed         |       |       |       |    10 |       ||    10
 Armour: Leather armour    |    10 |    10 |       |       |       ||    20
         Chain mail        |       |    50 |   169 |   222 |       ||   441
         Skin              |       |       |       |     1 |       ||     1
         Plate armour      |       |       |       |    97 |    45 ||   142
  Dodge: Dodged            |    24 |    60 |    72 |   231 |    24 ||   411
